TOP OF THE 1ST |
Bangor Trident Base Ogres batting - Pitching for Oceanside Aviators : RHP Wayne Hayes
|
Pitching: RHP Wayne Hayes
|
|
Batting: RHB Jim Unknown
|
0-0: Ball 1-0: Ball 2-0: Ball 3-0: Base on Balls
|
Batting: LHB Jim Unknown
|
0-0: Called Strike 0-1: Foul Ball, location: 2F 0-2: Foul Ball, location: 2F 0-2: Ball 1-2: Ball 2-2: Ball 3-2: Strikes out swinging
|
Batting: RHB Joe Craig
|
0-0: Ball 1-0: Called Strike 1-1: Ball 2-1: Foul Ball, location: 2F 2-2: Foul Ball, location: 2F 2-2: Ball 3-2: SINGLE (Line Drive, 34D) Jim Unknown to second
|
Batting: RHB Jake Hutchinson
|
0-0: Called Strike 0-1: Fly out, F9 (Flyball, 89M)
|
Batting: RHB Jim Unknown
|
0-0: Fly out, F7 (Line Drive, 7M)
|
Top of the 1st over - 0 run(s), 1 hit(s), 0 error(s), 2 left on base; Bangor Trident Base 0 - Oceanside 0 |
BOTTOM OF THE 1ST |
Oceanside Aviators batting - Pitching for Bangor Trident Base Ogres : LHP Jim Unknown
|
Pitching: LHP Jim Unknown
|
|
Batting: SHB Joe Mueller
|
0-0: Swinging Strike 0-1: Called Strike 0-2: Ball 1-2: Strikes out swinging
|
Batting: LHB Robert Bond
|
0-0: Ball 1-0: Fly out, F5 (Line Drive, 5S)
|
Batting: RHB Tim Little
|
0-0: Ball 1-0: Ball 2-0: Called Strike 2-1: Fly out, F8 (Flyball, 8RM)
|
Bottom of the 1st over - 0 run(s), 0 hit(s), 0 error(s), 0 left on base; Bangor Trident Base 0 - Oceanside 0 |
TOP OF THE 2ND |
Bangor Trident Base Ogres batting - Pitching for Oceanside Aviators : RHP Wayne Hayes
|
Batting: RHB Jim Unknown
|
0-0: Ball 1-0: SINGLE (Groundball, 6MD)
|
Batting: RHB Jim Unknown
|
0-0: Called Strike 0-1: Grounds into double play, 1-6-3 (Groundball, 23)
|
Batting: LHB Jim Unknown
|
0-0: Called Strike 0-1: Ball 1-1: Ground out 4-3 (Groundball, 4)
|
Top of the 2nd over - 0 run(s), 1 hit(s), 0 error(s), 0 left on base; Bangor Trident Base 0 - Oceanside 0 |
BOTTOM OF THE 2ND |
Oceanside Aviators batting - Pitching for Bangor Trident Base Ogres : LHP Jim Unknown
|
Batting: RHB Jacob Holt
|
0-0: Foul Ball, location: 2F 0-1: Ball 1-1: Swinging Strike 1-2: Strikes out swinging
|
Batting: SHB Robbie Anderson
|
0-0: Ball 1-0: Ground out 4-3 (Groundball, 4)
|
Batting: RHB Eric D'Angle
|
0-0: Called Strike 0-1: Ball 1-1: Ball 2-1: SINGLE (Line Drive, 4MD)
|
Batting: RHB Jason Shaffer
|
0-0: Called Strike 0-1: Foul Ball, location: 2F 0-2: Ball 1-2: Foul Ball, location: 2F 1-2: DOUBLE (Groundball, 5L) Eric D'Angle to third Runner from 3rd tries for Home, SAFE, no throw or cutoff
|
Batting: RHB Don Brown
|
0-0: Ground out 6-3 (Groundball, 6M)
|
Bottom of the 2nd over - 1 run(s), 2 hit(s), 0 error(s), 1 left on base; Bangor Trident Base 0 - Oceanside 1 |
TOP OF THE 3RD |
Bangor Trident Base Ogres batting - Pitching for Oceanside Aviators : RHP Wayne Hayes
|
Batting: RHB Jim Unknown
|
0-0: Foul Ball, location: 2F 0-1: Ball 1-1: Swinging Strike 1-2: DOUBLE (Groundball, 3D)
|
Batting: RHB Jim Unknown
|
0-0: Foul Ball, location: 2F 0-1: Ball 1-1: Ball 2-1: Foul Ball, location: 2F 2-2: Foul Ball, location: 2F 2-2: Ball 3-2: Strikes out swinging
|
Batting: LHB Jim Unknown
|
0-0: Ball 1-0: Swinging Strike 1-1: Called Strike 1-2: Ground out 4-3 (Groundball, 4M) Jim Unknown to third
|
Batting: RHB Joe Craig
|
0-0: Ball 1-0: Ball 2-0: Foul Ball, location: 2F 2-1: Fly out, F8 (Flyball, 89XD)
|
Top of the 3rd over - 0 run(s), 1 hit(s), 0 error(s), 1 left on base; Bangor Trident Base 0 - Oceanside 1 |
BOTTOM OF THE 3RD |
Oceanside Aviators batting - Pitching for Bangor Trident Base Ogres : LHP Jim Unknown
|
Batting: RHB Ingo van Ham
|
0-0: Ball 1-0: Foul Ball, location: 2F 1-1: Foul Ball, location: 2F 1-2: Ball 2-2: Strikes out swinging
|
Batting: SHB Joe Mueller
|
0-0: Called Strike 0-1: Ball 1-1: Fly out, F8 (Flyball, 89D)
|
Batting: LHB Robert Bond
|
0-0: Called Strike 0-1: Swinging Strike 0-2: Ground out 4-3 (Groundball, 34)
|
Bottom of the 3rd over - 0 run(s), 0 hit(s), 0 error(s), 0 left on base; Bangor Trident Base 0 - Oceanside 1 |
TOP OF THE 4TH |
Bangor Trident Base Ogres batting - Pitching for Oceanside Aviators : RHP Wayne Hayes
|
Batting: RHB Jake Hutchinson
|
0-0: Ball 1-0: Ball 2-0: Foul Ball, location: 2F 2-1: Ground out 6-3 (Groundball, 6)
|
Batting: RHB Jim Unknown
|
0-0: Ball 1-0: Foul Ball, location: 2F 1-1: Ground out 6-3 (Groundball, 6M)
|
Batting: RHB Jim Unknown
|
0-0: Foul Ball, location: 2F 0-1: Swinging Strike 0-2: Ground out 1-3 (Groundball, 23)
|
Top of the 4th over - 0 run(s), 0 hit(s), 0 error(s), 0 left on base; Bangor Trident Base 0 - Oceanside 1 |
BOTTOM OF THE 4TH |
Oceanside Aviators batting - Pitching for Bangor Trident Base Ogres : LHP Jim Unknown
|
Batting: RHB Tim Little
|
0-0: Ball 1-0: Ball 2-0: Ball 3-0: Base on Balls
|
Batting: RHB Jacob Holt
|
0-0: Called Strike 0-1: Ball 1-1: Swinging Strike 1-2: SINGLE (Flyball, 78M) Tim Little to second
|
Batting: SHB Robbie Anderson
|
0-0: Ball 1-0: Called Strike 1-1: Ball 2-1: Fly out, F4 (Popup, 4)
|
Batting: RHB Eric D'Angle
|
0-0: Ball 1-0: Ball 2-0: Grounds into double play, 6-4-3 (Groundball, 6)
|
Bottom of the 4th over - 0 run(s), 1 hit(s), 0 error(s), 1 left on base; Bangor Trident Base 0 - Oceanside 1 |
TOP OF THE 5TH |
Bangor Trident Base Ogres batting - Pitching for Oceanside Aviators : RHP Wayne Hayes
|
Batting: RHB Jim Unknown
|
0-0: Swinging Strike 0-1: Ball 1-1: DOUBLE (Flyball, 7LD)
|
Batting: LHB Jim Unknown
|
0-0: Ball 1-0: Ball 2-0: Ball 3-0: Called Strike 3-1: Called Strike 3-2: Base on Balls
|
Batting: RHB Jim Unknown
|
0-0: Called Strike 0-1: Ball 1-1: Reached on error, E5 (Groundball, 5L) Jim Unknown to third Jim Unknown to second
|
Batting: RHB Jim Unknown
|
0-0: Ball 1-0: Called Strike 1-1: Swinging Strike 1-2: Ball 2-2: Foul Ball, location: 2F 2-2: Grounds into double play, 6-2-3 (Groundball, 6) Jim Unknown to third Jim Unknown to second
|
Batting: LHB Jim Unknown
|
0-0: Called Strike 0-1: Ball 1-1: Called Strike 1-2: Foul Ball, location: 2F 1-2: SINGLE (Line Drive, 4D) Jim Unknown scores Jim Unknown to third
|
Batting: RHB Joe Craig
|
0-0: Ball 1-0: SINGLE (Groundball, 34D) Jim Unknown scores Jim Unknown to second Runner from 2nd tries for 3rd, SAFE, no throw or cutoff
|
Batting: RHB Jake Hutchinson
|
0-0: Ball 1-0: Ball 2-0: Ground out 2-3 (Groundball, 2R)
|
Top of the 5th over - 2 run(s), 3 hit(s), 1 error(s), 2 left on base; Bangor Trident Base 2 - Oceanside 1 |
BOTTOM OF THE 5TH |
Oceanside Aviators batting - Pitching for Bangor Trident Base Ogres : LHP Jim Unknown
|
Batting: RHB Jason Shaffer
|
0-0: Ball 1-0: Called Strike 1-1: Reached on error, E5 (Groundball, 56S)
|
Batting: RHB Don Brown
|
0-0: Fly out, F6 (Line Drive, 6M) 0-0: Lined into DP, U6 (Line Drive, 6M)
|
Batting: RHB Ingo van Ham
|
0-0: Swinging Strike 0-1: Called Strike 0-2: Strikes out swinging
|
Bottom of the 5th over - 0 run(s), 0 hit(s), 1 error(s), 0 left on base; Bangor Trident Base 2 - Oceanside 1 |
TOP OF THE 6TH |
Bangor Trident Base Ogres batting - Pitching for Oceanside Aviators : RHP Wayne Hayes
|
Batting: RHB Jim Unknown
|
0-0: Called Strike 0-1: Ball 1-1: Ball 2-1: Swinging Strike 2-2: Ball 3-2: Strikes out looking
|
Batting: RHB Jim Unknown
|
0-0: Swinging Strike 0-1: Ground out 6-3 (Groundball, 56)
|
Batting: RHB Jim Unknown
|
0-0: Called Strike 0-1: Called Strike 0-2: Strikes out looking
|
Top of the 6th over - 0 run(s), 0 hit(s), 0 error(s), 0 left on base; Bangor Trident Base 2 - Oceanside 1 |
BOTTOM OF THE 6TH |
Oceanside Aviators batting - Pitching for Bangor Trident Base Ogres : LHP Jim Unknown
|
Batting: SHB Joe Mueller
|
0-0: Ball 1-0: Ball 2-0: Ball 3-0: Base on Balls
|
Batting: LHB Robert Bond
|
0-0: Bunted foul 0-1: Ball 1-1: Sac Bunt - play at first, batter OUT! 1-4 Joe Mueller to second
|
Batting: RHB Tim Little
|
0-0: Called Strike 0-1: Ball 1-1: Ball 2-1: Ball 3-1: Called Strike 3-2: Foul Ball, location: 2F 3-2: Ground out 4-3 (Groundball, 4) Joe Mueller to third
|
Batting: RHB Jacob Holt
|
0-0: Called Strike 0-1: Ball 1-1: Ball 2-1: Fly out, F3 (Popup, 3F)
|
Bottom of the 6th over - 0 run(s), 0 hit(s), 0 error(s), 1 left on base; Bangor Trident Base 2 - Oceanside 1 |
TOP OF THE 7TH |
Bangor Trident Base Ogres batting - Pitching for Oceanside Aviators : RHP Wayne Hayes
|
Batting: LHB Jim Unknown
|
0-0: Swinging Strike 0-1: Ball 1-1: Fly out, F8 (Popup, 4MD)
|
Batting: RHB Jim Unknown
|
0-0: Fly out, F3 (Popup, 3F)
|
Batting: RHB Jim Unknown
|
0-0: Called Strike 0-1: Ball 1-1: Ball 2-1: SINGLE (Groundball, 6M)
|
Batting: LHB Jim Unknown
|
0-0: Foul Ball, location: 2F 0-1: Ball 1-1: Swinging Strike 1-2: Fly out, F8 (Flyball, 8RD)
|
Top of the 7th over - 0 run(s), 1 hit(s), 0 error(s), 1 left on base; Bangor Trident Base 2 - Oceanside 1 |
BOTTOM OF THE 7TH |
Oceanside Aviators batting - Pitching for Bangor Trident Base Ogres : LHP Jim Unknown
|
Batting: SHB Robbie Anderson
|
0-0: Ground out 5-3 (Groundball, 56)
|
Batting: RHB Eric D'Angle
|
0-0: Ground out 4-3 (Groundball, 4)
|
Batting: RHB Jason Shaffer
|
0-0: Ball 1-0: Called Strike 1-1: Ball 2-1: Fly out, F6 (Popup, 6MS)
|
Bottom of the 7th over - 0 run(s), 0 hit(s), 0 error(s), 0 left on base; Bangor Trident Base 2 - Oceanside 1 |
TOP OF THE 8TH |
Bangor Trident Base Ogres batting - Pitching for Oceanside Aviators : RHP Wayne Hayes
|
Batting: RHB Joe Craig
|
0-0: Swinging Strike 0-1: Called Strike 0-2: Ball 1-2: Strikes out looking
|
Batting: RHB Jake Hutchinson
|
0-0: Called Strike 0-1: Ball 1-1: Swinging Strike 1-2: Ball 2-2: Foul Ball, location: 2F 2-2: Ball 3-2: Foul Ball, location: 2F 3-2: Foul Ball, location: 2F 3-2: Strikes out swinging
|
Batting: RHB Jim Unknown
|
0-0: Swinging Strike 0-1: Ball 1-1: Ball 2-1: SOLO HOME RUN (Line Drive, 78XD), Distance : 433 ft
|
Batting: RHB Jim Unknown
|
0-0: Fly out, F8 (Flyball, 8LM)
|
Top of the 8th over - 1 run(s), 1 hit(s), 0 error(s), 0 left on base; Bangor Trident Base 3 - Oceanside 1 |
BOTTOM OF THE 8TH |
Oceanside Aviators batting - Pitching for Bangor Trident Base Ogres : LHP Jim Unknown
|
Batting: RHB Don Brown
|
0-0: Foul Ball, location: 2F 0-1: Foul Ball, location: 2F 0-2: Fly out, F9 (Flyball, 9M)
|
Batting: RHB Ingo van Ham
|
0-0: Ball 1-0: Called Strike 1-1: Ball 2-1: Fly out, F7 (Flyball, 78M)
|
Batting: SHB Joe Mueller
|
0-0: Called Strike 0-1: Fly out, F7 (Line Drive, 78S)
|
Bottom of the 8th over - 0 run(s), 0 hit(s), 0 error(s), 0 left on base; Bangor Trident Base 3 - Oceanside 1 |
TOP OF THE 9TH |
Bangor Trident Base Ogres batting - Pitching for Oceanside Aviators : RHP Wayne Hayes
|
Pitching: LHP Jim Unknown
|
|
Batting: RHB Jim Unknown
|
0-0: Swinging Strike 0-1: Swinging Strike 0-2: Ball 1-2: Foul Ball, location: 2F 1-2: Fly out, F8 (Flyball, 8RXD)
|
Batting: LHB Jim Unknown
|
0-0: Ball 1-0: Swinging Strike 1-1: Ball 2-1: Foul Ball, location: 2F 2-2: Ball 3-2: Ground out 1-3 (Groundball, 15)
|
Batting: RHB Jim Unknown
|
0-0: Foul Ball, location: 2F 0-1: Ball 1-1: Fly out, F9 (Flyball, 9LD)
|
Top of the 9th over - 0 run(s), 0 hit(s), 0 error(s), 0 left on base; Bangor Trident Base 3 - Oceanside 1 |
BOTTOM OF THE 9TH |
Oceanside Aviators batting - Pitching for Bangor Trident Base Ogres : LHP Jim Unknown
|
Pitching: RHP Iván García
|
|
Batting: LHB Robert Bond
|
0-0: Foul Ball, location: 2F 0-1: Foul Ball, location: 2F 0-2: Ball 1-2: Foul Ball, location: 2F 1-2: Ball 2-2: Fly out, F7 (Flyball, 7LD)
|
Batting: RHB Tim Little
|
0-0: Swinging Strike 0-1: Ball 1-1: Swinging Strike 1-2: Strikes out looking
|
Batting: RHB Jacob Holt
|
0-0: Called Strike 0-1: Foul Ball, location: 2F 0-2: Ball 1-2: Foul Ball, location: 2F 1-2: Foul Ball, location: 2F 1-2: Ball 2-2: Ball 3-2: Foul Ball, location: 2F 3-2: Strikes out swinging
|
Bottom of the 9th over - 0 run(s), 0 hit(s), 0 error(s), 0 left on base; Bangor Trident Base 3 - Oceanside 1 |
|